Coyotes vs Whalers
(R1)
Created - 2 novembre 2012 at 20:16
Simulating a Pre-Season
Goals
|
Coyotes |
0 |
2 |
0 |
2 |
Whalers |
1 |
1 |
1 |
3 |
|
Shots
|
Coyotes |
11 |
16 |
5 |
32 |
Whalers |
9 |
14 |
5 |
28 |
|
1st period
1. Whalers , Todd Bertuzzi 1 (Pavel Datsyuk, Andy McDonald) at 1:33
Penalties :
No Penalty
2nd period
2. Coyotes , Tim Connolly 4 (Marian Gaborik, Tom Poti) at 8:24
3. Whalers , Antoine Vermette 3 (Daymond Langkow, Nils Ekman) at 17:47 (PP)
4. Coyotes , Frans Nielsen 5 (Christian Ehrhoff, Tom Poti) at 18:56 (SH)
Penalties :
Tom Poti (Pho) for Hooking (Minor) at 8:45, Andy McDonald (Har) for Tripping (Minor) at 9:00, Riley Cote (Pho) for Holding (Minor) at 17:39, Marian Gaborik (Pho) for Hooking (Minor) at 18:04
3rd period
5. Whalers , Sami Kapanen 1 (Michael Rupp, Nils Ekman) at 14:41
Penalties :
Dominic Moore (Har) for Hooking (Minor) at 2:27, Ray Whitney (Har) for Tripping (Minor) at 7:08, Craig Adams (Pho) for Interference (Minor) at 17:51
Goalie Stats
Peter Budaj (Pho), 25 saves from 28 shots - (0,893), L, 0-1-0, 60:00 minutes
Jonas Hiller (Har), 30 saves from 32 shots - (0,938), W, 2-2-0, 60:00 minutes
Players Stats for Coyotes
Player Name G A P +/- PIM S H SB GA TA FO MP PP MP PK MP
------------------------------------------------------------------------------------
Brenden Morrow 0 0 0 0 0 6 1 1 0 1 0/0 19:21 2:15 0:47
Chad Larose 0 0 0 -1 0 3 0 0 0 2 1/9 13:06 0:14 2:56
Christian Ehrhoff 0 1 1 0 0 2 0 1 0 1 0/0 20:10 1:33 1:11
Craig Adams 0 0 0 1 2 1 1 0 0 0 0/0 12:39 0:19 0:23
Denis Grebeshkov 0 0 0 -1 0 0 1 1 1 0 0/0 18:50 1:33 0:00
Drew Miller 0 0 0 0 0 1 2 0 1 0 1/1 16:09 0:04 2:58
Frans Nielsen 1 0 1 1 0 4 3 0 0 1 4/8 16:21 1:54 1:12
Jamal Mayers 0 0 0 0 0 0 2 0 0 1 0/0 14:49 1:54 0:00
Jay Bouwmeester 0 0 0 0 0 1 0 0 2 0 0/0 26:46 2:40 3:10
Kurt Sauer 0 0 0 0 0 3 2 2 0 0 0/0 17:08 0:00 3:10
Lukas Krajicek 0 0 0 0 0 0 1 1 0 0 0/0 14:16 0:15 0:00
Marian Gaborik 0 1 1 0 2 6 2 1 0 2 0/0 19:24 1:50 0:00
Maxim Lapierre 0 0 0 0 0 1 2 1 1 0 3/4 11:36 0:00 0:13
Pavel Brendl 0 0 0 -1 0 0 1 0 0 0 0/0 8:12 0:00 0:00
Riley Cote 0 0 0 -1 2 0 4 0 0 0 0/0 8:24 0:00 0:13
Sergei Samsonov 0 0 0 0 0 0 3 1 0 0 2/2 14:49 1:54 0:00
Tim Connolly 1 0 1 0 0 4 0 0 0 0 15/24 18:41 2:00 0:00
Tom Poti 0 2 2 1 2 0 1 1 1 1 0/0 23:10 2:40 1:11
Players Stats for Whalers
Player Name G A P +/- PIM S H SB GA TA FO MP PP MP PK MP
------------------------------------------------------------------------------------
Andy McDonald 0 1 1 0 2 1 0 1 2 0 0/1 21:04 2:41 1:34
Antoine Vermette 1 0 1 -1 0 2 1 1 1 0 0/0 16:49 1:39 0:26
Brad Stuart 0 0 0 1 0 1 2 2 0 1 0/0 18:55 1:11 1:38
Chad Kilger 0 0 0 0 0 0 0 0 0 0 0/0 7:45 0:00 0:00
Dan McGillis 0 0 0 1 0 0 0 1 2 2 0/0 18:55 1:11 1:38
Darryl Sydor 0 0 0 -1 0 4 1 1 0 0 0/0 27:07 3:10 2:35
Daymond Langkow 0 1 1 -1 0 0 1 1 0 0 2/10 18:13 1:39 1:34
Dominic Moore 0 0 0 0 2 0 1 0 1 0 0/1 8:45 0:00 0:29
Filip Kuba 0 0 0 -1 0 1 2 0 0 1 0/0 27:07 3:10 2:35
Joffrey Lupul 0 0 0 0 0 0 0 0 0 0 0/0 7:45 0:00 0:00
Mark Eaton 0 0 0 0 0 0 0 1 0 1 0/0 13:58 0:00 0:00
Michael Rupp 0 1 1 1 0 2 0 0 0 0 0/3 11:01 0:00 0:09
Nils Ekman 0 2 2 -1 0 1 3 0 0 0 0/0 15:41 1:39 0:00
Pavel Datsyuk 0 1 1 0 0 8 0 1 1 0 19/32 22:26 2:42 2:01
Ray Whitney 0 0 0 1 2 2 0 1 0 0 0/0 11:39 0:00 0:12
Sami Kapanen 1 0 1 1 0 3 2 0 1 0 0/0 10:26 0:00 0:00
Shaone Morrisonn 0 0 0 0 0 0 1 1 0 0 0/0 13:58 0:00 0:00
Todd Bertuzzi 1 0 1 0 0 3 1 1 1 1 1/1 22:26 2:42 2:01
3 Stars
1 - Frans Nielsen (Pho)
2 - Sami Kapanen (Har)
3 - Todd Bertuzzi (Har)
Power Play
Coyotes - 0 on 3 Attempt(s) - 0,00%
Whalers - 1 on 4 Attempt(s) - 25,00%
Penalty Kill
Coyotes - 3 on 4 Attempt(s) - 75,00%
- Score 1 goal in Penalty Kill
Whalers - 3 on 3 Attempt(s) - 100,00%
- Score 0 goal in Penalty Kill
Official
Referees : Watson Brad and Walsh Ian
Linesman : Brian Murphy and Greg Devorski
Game Notes
3:31 of 2nd period - Whalers goal is going for a video replay. After video review, No Goal. The puck has been directed, batted or thrown into the net by an attacking player other than with a stick.
Coyotes
5 vs 5 Forward
Center Left Wing Right Wing Time % Phy DF OF
1 Tim Connolly Brenden Morrow Marian Gaborik 40 1 2 2
2 Frans Nielsen Sergei Samsonov Jamal Mayers 30 1 2 2
3 Maxim Lapierre Drew Miller Craig Adams 20 1 2 2
4 Chad Larose Riley Cote Pavel Brendl 10 1 2 2
5 vs 5 Defense
Defense Defense Time % Phy DF OF
1 Jay Bouwmeester Tom Poti 40 1 2 2
2 Christian Ehrhoff Denis Grebeshkov 30 1 2 2
3 Lukas Krajicek Kurt Sauer 20 1 2 2
4 Jay Bouwmeester Tom Poti 10 1 2 2
PowerPlay Forward
Center Left Wing Right Wing Time % Phy DF OF
1 Tim Connolly Brenden Morrow Marian Gaborik 60 1 2 2
2 Frans Nielsen Sergei Samsonov Jamal Mayers 40 1 2 2
PowerPlay Defense
Defense Defense Time % Phy DF OF
1 Jay Bouwmeester Tom Poti 60 1 2 2
2 Christian Ehrhoff Denis Grebeshkov 40 1 2 2
Penalty Kill 4 Players Forward
Center Wing Time % Phy DF OF
1 Chad Larose Drew Miller 60 1 2 2
2 Frans Nielsen Craig Adams 40 1 2 2
Penalty Kill 4 Players Defense
Defense Defense Time % Phy DF OF
1 Jay Bouwmeester Kurt Sauer 60 1 2 2
2 Christian Ehrhoff Tom Poti 40 1 2 2
Penalty Kill - 3 Players Forward
Forward Time % Phy DF OF
1 Drew Miller 60 1 2 2
2 Chad Larose 40 1 2 2
Penalty Kill - 3 Players Defense
Defense Defense Time % Phy DF OF
1 Jay Bouwmeester Kurt Sauer 60 1 2 2
2 Christian Ehrhoff Tom Poti 40 1 2 2
4 vs 4 Forward
Center Wing Time % Phy DF OF
1 Tim Connolly Marian Gaborik 60 1 2 2
2 Frans Nielsen Brenden Morrow 40 1 2 2
4 vs 4 Defense
Defense Defense Time % Phy DF OF
1 Jay Bouwmeester Tom Poti 60 1 2 2
2 Christian Ehrhoff Denis Grebeshkov 40 1 2 2
Last Minutes Offensive
Center Left Wing Right Wing Defense Defense
Tim Connolly Brenden Morrow Marian Gaborik Jay Bouwmeester Tom Poti
Last Minutes Defensive
Center Left Wing Right Wing Defense Defense
Tim Connolly Brenden Morrow Marian Gaborik Jay Bouwmeester Tom Poti
Goaltenders
Starting : Peter Budaj
Backup : Jean-Sébastien Giguère
Extra Forwards
Normal : Chad Larose, Drew Miller, Craig Adams - PP : Chad Larose, Drew Miller - PK : Craig Adams
Extra Defensemen
Normal : Lukas Krajicek, Kurt Sauer, Denis Grebeshkov - PP : Lukas Krajicek - PK : Denis Grebeshkov, Lukas Krajicek
Penalty Shots
Marian Gaborik, Sergei Samsonov, Jay Bouwmeester, Brenden Morrow, Frans Nielsen
Whalers
5 vs 5 Forward
Center Left Wing Right Wing Time % Phy DF OF
1 Pavel Datsyuk Andy McDonald Todd Bertuzzi 40 1 2 2
2 Daymond Langkow Antoine Vermette Nils Ekman 30 1 2 2
3 Michael Rupp Ray Whitney Sami Kapanen 20 1 2 2
4 Dominic Moore Chad Kilger Joffrey Lupul 10 1 2 2
5 vs 5 Defense
Defense Defense Time % Phy DF OF
1 Darryl Sydor Filip Kuba 40 1 2 2
2 Dan McGillis Brad Stuart 30 1 2 2
3 Mark Eaton Shaone Morrisonn 20 1 2 2
4 Darryl Sydor Filip Kuba 10 1 2 2
PowerPlay Forward
Center Left Wing Right Wing Time % Phy DF OF
1 Pavel Datsyuk Andy McDonald Todd Bertuzzi 60 1 2 2
2 Daymond Langkow Antoine Vermette Nils Ekman 40 1 2 2
PowerPlay Defense
Defense Defense Time % Phy DF OF
1 Darryl Sydor Filip Kuba 60 1 2 2
2 Dan McGillis Brad Stuart 40 1 2 2
Penalty Kill 4 Players Forward
Center Wing Time % Phy DF OF
1 Pavel Datsyuk Todd Bertuzzi 60 1 2 2
2 Daymond Langkow Andy McDonald 40 1 2 2
Penalty Kill 4 Players Defense
Defense Defense Time % Phy DF OF
1 Darryl Sydor Filip Kuba 60 1 2 2
2 Dan McGillis Brad Stuart 40 1 2 2
Penalty Kill - 3 Players Forward
Forward Time % Phy DF OF
1 Pavel Datsyuk 60 1 2 2
2 Todd Bertuzzi 40 1 2 2
Penalty Kill - 3 Players Defense
Defense Defense Time % Phy DF OF
1 Darryl Sydor Filip Kuba 60 1 2 2
2 Dan McGillis Brad Stuart 40 1 2 2
4 vs 4 Forward
Center Wing Time % Phy DF OF
1 Pavel Datsyuk Todd Bertuzzi 60 1 2 2
2 Daymond Langkow Andy McDonald 40 1 2 2
4 vs 4 Defense
Defense Defense Time % Phy DF OF
1 Darryl Sydor Filip Kuba 60 1 2 2
2 Dan McGillis Brad Stuart 40 1 2 2
Last Minutes Offensive
Center Left Wing Right Wing Defense Defense
Pavel Datsyuk Andy McDonald Todd Bertuzzi Darryl Sydor Filip Kuba
Last Minutes Defensive
Center Left Wing Right Wing Defense Defense
Pavel Datsyuk Andy McDonald Todd Bertuzzi Darryl Sydor Filip Kuba
Goaltenders
Starting : Jonas Hiller
Backup : José Theodore
Extra Forwards
Normal : Ray Whitney, Michael Rupp, Dominic Moore - PP : Ray Whitney, Michael Rupp - PK : Dominic Moore
Extra Defensemen
Normal : Mark Eaton, Shaone Morrisonn, Dan McGillis - PP : Mark Eaton - PK : Shaone Morrisonn, Dan McGillis
Penalty Shots
Pavel Datsyuk, Todd Bertuzzi, Daymond Langkow, Andy McDonald, Antoine Vermette
% Time on Ice - Coyotes
Lines # - Real PCT - Wanted PCT - Time Play
Normal Forward
1 - 35% - 40% - 17:12
2 - 26% - 30% - 12:55
3 - 23% - 20% - 11:23
4 - 16% - 10% - 8:12
Normal Defense
1 - 37% - 40% - 18:18
2 - 33% - 30% - 16:33
3 - 26% - 20% - 13:04
4 - 4% - 10% - 1:47
PP Forward
1 - 55% - 60% - 2:19
2 - 45% - 40% - 1:54
PP Defense
1 - 63% - 60% - 2:40
2 - 37% - 40% - 1:33
PK Forward
1 - 84% - 60% - 3:40
2 - 16% - 40% - 0:41
PK Defense
1 - 73% - 60% - 3:10
2 - 27% - 40% - 1:11
PK3 Forward
1 - 0% - 60%
2 - 0% - 40%
PK3 Defense
1 - 0% - 60%
2 - 0% - 40%
44 Forward
1 - 81% - 60% - 1:24
2 - 19% - 40% - 0:20
44 Defense
1 - 49% - 60% - 0:51
2 - 51% - 40% - 0:53
Last Minute Offensive - 0:00
Last Minute Defensive - 0:00
Total
Forward - 60:00
Defense - 60:00
|
% Time on Ice - Whalers
Lines # - Real PCT - Wanted PCT - Time Play
Normal Forward
1 - 35% - 40% - 17:25
2 - 28% - 30% - 14:02
3 - 21% - 20% - 10:26
4 - 16% - 10% - 7:45
Normal Defense
1 - 36% - 40% - 17:58
2 - 31% - 30% - 15:24
3 - 28% - 20% - 13:57
4 - 5% - 10% - 2:19
PP Forward
1 - 62% - 60% - 2:42
2 - 38% - 40% - 1:39
PP Defense
1 - 73% - 60% - 3:10
2 - 27% - 40% - 1:11
PK Forward
1 - 85% - 60% - 3:35
2 - 15% - 40% - 0:38
PK Defense
1 - 61% - 60% - 2:35
2 - 39% - 40% - 1:38
PK3 Forward
1 - 0% - 60%
2 - 0% - 40%
PK3 Defense
1 - 0% - 60%
2 - 0% - 40%
44 Forward
1 - 76% - 60% - 1:19
2 - 24% - 40% - 0:25
44 Defense
1 - 60% - 60% - 1:02
2 - 40% - 40% - 0:42
Last Minute Offensive - 0:00
Last Minute Defensive - 0:04
Total
Forward - 60:00
Defense - 60:00
|
Play by Play
1st period
0:01 of 1st period - Pavel Datsyuk wins face-off versus Tim Connolly in neutral zone.
1:04 of 1st period - Kurt Sauer is hit by Filip Kuba and loses puck.
1:25 of 1st period - Slapshot by Pavel Datsyuk.
1:25 of 1st period - Stopped by Peter Budaj without a rebound.
1:26 of 1st period - Pavel Datsyuk wins face-off versus Tim Connolly in Coyotes zone.
1:31 of 1st period - Slapshot by Todd Bertuzzi.
1:31 of 1st period - Deflect By Marian Gaborik.
1:31 of 1st period - Stopped by Peter Budaj with a rebound.
1:33 of 1st period - Snap shot by Todd Bertuzzi.
1:33 of 1st period - Goal by Todd Bertuzzi - Coyotes : 0 - Whalers : 1.
1:34 of 1st period - Sergei Samsonov wins face-off versus Daymond Langkow in neutral zone.
1:49 of 1st period - Off-side.
1:50 of 1st period - Pavel Datsyuk wins face-off versus Tim Connolly in neutral zone.
1:55 of 1st period - Wrist shot by Pavel Datsyuk.
1:55 of 1st period - Stopped by Peter Budaj without a rebound.
1:56 of 1st period - Tim Connolly wins face-off versus Pavel Datsyuk in Coyotes zone.
2:08 of 1st period - Off-side.
2:09 of 1st period - Maxim Lapierre wins face-off versus Michael Rupp in neutral zone.
2:11 of 1st period - Off-side.
2:12 of 1st period - Drew Miller wins face-off versus Michael Rupp in neutral zone.
3:06 of 1st period - Slapshot by Tim Connolly.
3:06 of 1st period - Shot Blocked by Dan McGillis.
3:08 of 1st period - Wrist shot by Tim Connolly.
3:08 of 1st period - Shot Blocked by Brad Stuart.
3:10 of 1st period - Slapshot by Denis Grebeshkov.
3:10 of 1st period - Shot Misses the Net.
4:02 of 1st period - Brad Stuart is hit by Jamal Mayers.
4:14 of 1st period - Snap shot by Brenden Morrow.
4:14 of 1st period - Shot Blocked by Antoine Vermette.
4:16 of 1st period - Snap shot by Tim Connolly.
4:16 of 1st period - Stopped by Jonas Hiller without a rebound.
4:17 of 1st period - Tim Connolly wins face-off versus Pavel Datsyuk in Whalers zone.
4:58 of 1st period - Icing by Filip Kuba.
4:59 of 1st period - Maxim Lapierre wins face-off versus Daymond Langkow in Whalers zone.
5:12 of 1st period - Slapshot by Tim Connolly.
5:12 of 1st period - Stopped by Jonas Hiller with a rebound.
5:14 of 1st period - Snap shot by Brenden Morrow.
5:14 of 1st period - Stopped by Jonas Hiller with a rebound.
7:08 of 1st period - Wrist shot by Sami Kapanen.
7:08 of 1st period - Stopped by Peter Budaj with a rebound.
7:10 of 1st period - Wrist shot by Ray Whitney.
7:10 of 1st period - Stopped by Peter Budaj with a rebound.
7:30 of 1st period - Sergei Samsonov is hit by Filip Kuba and loses puck.
7:47 of 1st period - Craig Adams is hit by Dominic Moore and loses puck.
8:00 of 1st period - Dan McGillis is hit by Denis Grebeshkov and loses puck.
8:09 of 1st period - Brenden Morrow is hit by Nils Ekman and loses puck.
8:20 of 1st period - Slapshot by Christian Ehrhoff.
8:20 of 1st period - Shot Blocked by Darryl Sydor.
8:31 of 1st period - Darryl Sydor is hit by Riley Cote and loses puck.
8:38 of 1st period - Kurt Sauer is hit by Darryl Sydor.
8:57 of 1st period - Wrist shot by Maxim Lapierre.
8:57 of 1st period - Shot Misses the Net.
9:11 of 1st period - Wrist shot by Marian Gaborik.
9:11 of 1st period - Stopped by Jonas Hiller with a rebound.
9:13 of 1st period - Snap shot by Brenden Morrow.
9:13 of 1st period - Stopped by Jonas Hiller with a rebound.
9:15 of 1st period - Slapshot by Marian Gaborik.
9:15 of 1st period - Stopped by Jonas Hiller without a rebound.
9:16 of 1st period - Tim Connolly wins face-off versus Daymond Langkow in Whalers zone.
9:21 of 1st period - Snap shot by Marian Gaborik.
9:21 of 1st period - Shot Misses the Net.
9:25 of 1st period - Snap shot by Brenden Morrow.
9:25 of 1st period - Shot Misses the Net.
10:11 of 1st period - Brad Stuart is hit by Riley Cote and loses puck.
10:16 of 1st period - Wrist shot by Pavel Brendl.
10:16 of 1st period - Deflect By Chad Larose.
10:16 of 1st period - Stopped by Jonas Hiller without a rebound.
10:17 of 1st period - Tim Connolly wins face-off versus Pavel Datsyuk in Whalers zone.
11:09 of 1st period - Dominic Moore is hit by Drew Miller.
11:12 of 1st period - Off-side.
11:13 of 1st period - Pavel Datsyuk wins face-off versus Tim Connolly in neutral zone.
12:33 of 1st period - Kurt Sauer is hit by Shaone Morrisonn and loses puck.
12:48 of 1st period - Snap shot by Marian Gaborik.
12:48 of 1st period - Stopped by Jonas Hiller with a rebound.
12:50 of 1st period - Snap shot by Tim Connolly.
12:50 of 1st period - Shot Misses the Net.
12:52 of 1st period - Slapshot by Tim Connolly.
12:52 of 1st period - Shot Misses the Net.
12:54 of 1st period - Snap shot by Brenden Morrow.
12:54 of 1st period - Stopped by Jonas Hiller without a rebound.
12:55 of 1st period - Pavel Datsyuk wins face-off versus Tim Connolly in Whalers zone.
13:21 of 1st period - Filip Kuba is hit by Sergei Samsonov and loses puck.
14:47 of 1st period - Nils Ekman is hit by Pavel Brendl and loses puck.
15:14 of 1st period - Snap shot by Sami Kapanen.
15:14 of 1st period - Stopped by Peter Budaj with a rebound.
15:32 of 1st period - Wrist shot by Chad Kilger.
15:32 of 1st period - Shot Blocked by Lukas Krajicek.
15:34 of 1st period - Wrist shot by Shaone Morrisonn.
15:34 of 1st period - Shot Blocked by Kurt Sauer.
15:36 of 1st period - Slapshot by Mark Eaton.
15:36 of 1st period - Shot Misses the Net.
15:40 of 1st period - Wrist shot by Chad Kilger.
15:40 of 1st period - Shot Misses the Net.
16:17 of 1st period - Michael Rupp is hit by Maxim Lapierre and loses puck.
16:24 of 1st period - Slapshot by Darryl Sydor.
16:24 of 1st period - Stopped by Peter Budaj with a rebound.
16:53 of 1st period - Chad Kilger is hit by Riley Cote and loses puck.
17:28 of 1st period - Michael Rupp is hit by Drew Miller and loses puck.
17:33 of 1st period - Slapshot by Drew Miller.
17:33 of 1st period - Stopped by Jonas Hiller without a rebound.
17:34 of 1st period - Tim Connolly wins face-off versus Pavel Datsyuk in Whalers zone.
17:43 of 1st period - Snap shot by Marian Gaborik.
17:43 of 1st period - Stopped by Jonas Hiller with a rebound.
18:29 of 1st period - Slapshot by Filip Kuba.
18:29 of 1st period - Stopped by Peter Budaj with a rebound.
19:05 of 1st period - Jay Bouwmeester is hit by Brad Stuart and loses puck.
19:30 of 1st period - Slapshot by Drew Miller.
19:30 of 1st period - Shot Blocked by Andy McDonald.
2nd period
0:01 of 2nd period - Tim Connolly wins face-off versus Pavel Datsyuk in neutral zone.
0:12 of 2nd period - Wrist shot by Brenden Morrow.
0:12 of 2nd period - Stopped by Jonas Hiller with a rebound.
0:14 of 2nd period - Slapshot by Jay Bouwmeester.
0:14 of 2nd period - Shot Misses the Net.
0:16 of 2nd period - Wrist shot by Marian Gaborik.
0:16 of 2nd period - Shot Misses the Net.
0:35 of 2nd period - Slapshot by Darryl Sydor.
0:35 of 2nd period - Stopped by Peter Budaj without a rebound.
0:36 of 2nd period - Tim Connolly wins face-off versus Daymond Langkow in Coyotes zone.
0:43 of 2nd period - Antoine Vermette is hit by Marian Gaborik and loses puck.
1:09 of 2nd period - Slapshot by Frans Nielsen.
1:09 of 2nd period - Stopped by Jonas Hiller without a rebound.
1:10 of 2nd period - Pavel Datsyuk wins face-off versus Frans Nielsen in Whalers zone.
1:19 of 2nd period - Slapshot by Frans Nielsen.
1:19 of 2nd period - Shot Blocked by Todd Bertuzzi.
1:39 of 2nd period - Wrist shot by Marian Gaborik.
1:39 of 2nd period - Stopped by Jonas Hiller with a rebound.
1:41 of 2nd period - Slapshot by Brenden Morrow.
1:41 of 2nd period - Stopped by Jonas Hiller with a rebound.
1:43 of 2nd period - Slapshot by Tom Poti.
1:43 of 2nd period - Shot Misses the Net.
2:26 of 2nd period - Wrist shot by Pavel Brendl.
2:26 of 2nd period - Shot Misses the Net.
2:28 of 2nd period - Snap shot by Chad Larose.
2:28 of 2nd period - Stopped by Jonas Hiller without a rebound.
2:29 of 2nd period - Pavel Datsyuk wins face-off versus Tim Connolly in Whalers zone.
2:38 of 2nd period - Backhand shot by Dan McGillis.
2:38 of 2nd period - Shot Blocked by Brenden Morrow.
3:18 of 2nd period - Ray Whitney is hit by Maxim Lapierre and loses puck.
3:25 of 2nd period - Slapshot by Sami Kapanen.
3:25 of 2nd period - Shot Blocked by Christian Ehrhoff.
3:27 of 2nd period - Wrist shot by Michael Rupp.
3:27 of 2nd period - Stopped by Peter Budaj with a rebound.
3:29 of 2nd period - Snap shot by Shaone Morrisonn.
3:29 of 2nd period - Shot Misses the Net.
3:31 of 2nd period - Wrist shot by Ray Whitney.
3:31 of 2nd period - Whalers goal is going for a video replay.
3:31 of 2nd period - The goal is refused. The puck has been directed, batted or thrown into the net by an attacking player other than with a stick..
3:32 of 2nd period - Tim Connolly wins face-off versus Pavel Datsyuk in Coyotes zone.
3:45 of 2nd period - Snap shot by Brenden Morrow.
3:45 of 2nd period - Shot Misses the Net.
4:06 of 2nd period - Snap shot by Maxim Lapierre.
4:06 of 2nd period - Shot Misses the Net.
4:08 of 2nd period - Slapshot by Kurt Sauer.
4:08 of 2nd period - Stopped by Jonas Hiller with a rebound.
4:10 of 2nd period - Wrist shot by Craig Adams.
4:10 of 2nd period - Shot Misses the Net.
4:42 of 2nd period - Wrist shot by Denis Grebeshkov.
4:42 of 2nd period - Shot Blocked by Pavel Datsyuk.
4:44 of 2nd period - Snap shot by Chad Larose.
4:44 of 2nd period - Stopped by Jonas Hiller without a rebound.
4:45 of 2nd period - Pavel Datsyuk wins face-off versus Chad Larose in Whalers zone.
5:15 of 2nd period - Icing by Brenden Morrow.
5:16 of 2nd period - Tim Connolly wins face-off versus Pavel Datsyuk in Coyotes zone.
6:05 of 2nd period - Snap shot by Daymond Langkow.
6:05 of 2nd period - Shot Blocked by Denis Grebeshkov.
6:13 of 2nd period - Slapshot by Filip Kuba.
6:13 of 2nd period - Deflect By Nils Ekman.
6:13 of 2nd period - Stopped by Peter Budaj without a rebound.
6:14 of 2nd period - Pavel Datsyuk wins face-off versus Tim Connolly in Coyotes zone.
6:19 of 2nd period - Wrist shot by Todd Bertuzzi.
6:19 of 2nd period - Stopped by Peter Budaj with a rebound.
6:29 of 2nd period - Snap shot by Pavel Datsyuk.
6:29 of 2nd period - Stopped by Peter Budaj with a rebound.
6:50 of 2nd period - Wrist shot by Jamal Mayers.
6:50 of 2nd period - Shot Blocked by Mark Eaton.
7:39 of 2nd period - Snap shot by Tim Connolly.
7:39 of 2nd period - Shot Misses the Net.
7:41 of 2nd period - Slapshot by Christian Ehrhoff.
7:41 of 2nd period - Stopped by Jonas Hiller without a rebound.
7:42 of 2nd period - Pavel Datsyuk wins face-off versus Tim Connolly in Whalers zone.
7:58 of 2nd period - Snap shot by Darryl Sydor.
7:58 of 2nd period - Stopped by Peter Budaj without a rebound.
7:59 of 2nd period - Sergei Samsonov wins face-off versus Daymond Langkow in Coyotes zone.
8:07 of 2nd period - Darryl Sydor is hit by Sergei Samsonov and loses puck.
8:12 of 2nd period - Snap shot by Antoine Vermette.
8:12 of 2nd period - Stopped by Peter Budaj without a rebound.
8:13 of 2nd period - Tim Connolly wins face-off versus Pavel Datsyuk in Coyotes zone.
8:22 of 2nd period - Wrist shot by Marian Gaborik.
8:22 of 2nd period - Stopped by Jonas Hiller with a rebound.
8:24 of 2nd period - Wrist shot by Tim Connolly.
8:24 of 2nd period - Goal by Tim Connolly - Coyotes : 1 - Whalers : 1.
8:25 of 2nd period - Tim Connolly wins face-off versus Pavel Datsyuk in neutral zone.
8:45 of 2nd period - Minor Penalty to Tom Poti for Hooking.
8:46 of 2nd period - Pavel Datsyuk wins face-off versus Chad Larose in Coyotes zone.
8:57 of 2nd period - Wrist shot by Todd Bertuzzi.
8:57 of 2nd period - Deflect By Pavel Datsyuk.
8:57 of 2nd period - Stopped by Peter Budaj with a rebound.
9:00 of 2nd period - Minor Penalty to Andy McDonald for Tripping.
9:01 of 2nd period - Tim Connolly wins face-off versus Pavel Datsyuk in Whalers zone.
9:12 of 2nd period - Snap shot by Marian Gaborik.
9:12 of 2nd period - Shot Misses the Net.
9:14 of 2nd period - Slapshot by Jay Bouwmeester.
9:14 of 2nd period - Deflect By Tim Connolly.
9:14 of 2nd period - Stopped by Jonas Hiller with a rebound.
9:43 of 2nd period - Denis Grebeshkov is hit by Daymond Langkow.
10:45 of 2nd period - Penalty to Tom Poti is over, Tom Poti is back on ice.
11:00 of 2nd period - Penalty to Andy McDonald is over, Andy McDonald is back on ice.
11:05 of 2nd period - Slapshot by Andy McDonald.
11:05 of 2nd period - Stopped by Peter Budaj without a rebound.
11:06 of 2nd period - Frans Nielsen wins face-off versus Daymond Langkow in Coyotes zone.
11:11 of 2nd period - Antoine Vermette is hit by Sergei Samsonov.
11:39 of 2nd period - Denis Grebeshkov is hit by Sami Kapanen and loses puck.
12:53 of 2nd period - Snap shot by Brenden Morrow.
12:53 of 2nd period - Shot Blocked by Brad Stuart.
12:55 of 2nd period - Slapshot by Kurt Sauer.
12:55 of 2nd period - Stopped by Jonas Hiller with a rebound.
12:57 of 2nd period - Snap shot by Brenden Morrow.
12:57 of 2nd period - Stopped by Jonas Hiller without a rebound.
12:58 of 2nd period - Pavel Datsyuk wins face-off versus Frans Nielsen in Whalers zone.
13:44 of 2nd period - Snap shot by Chad Larose.
13:44 of 2nd period - Shot Misses the Net.
14:02 of 2nd period - Shaone Morrisonn is hit by Frans Nielsen and loses puck.
14:16 of 2nd period - Off-side.
14:17 of 2nd period - Pavel Datsyuk wins face-off versus Maxim Lapierre in neutral zone.
14:24 of 2nd period - Backhand shot by Andy McDonald.
14:24 of 2nd period - Shot Misses the Net.
16:08 of 2nd period - Snap shot by Pavel Datsyuk.
16:08 of 2nd period - Stopped by Peter Budaj with a rebound.
16:10 of 2nd period - Slapshot by Filip Kuba.
16:10 of 2nd period - Deflect By Todd Bertuzzi.
16:10 of 2nd period - Shot Misses the Net.
16:10 of 2nd period - Puck is out of play.
16:11 of 2nd period - Frans Nielsen wins face-off versus Daymond Langkow in Coyotes zone.
16:36 of 2nd period - Denis Grebeshkov is hit by Sami Kapanen and loses puck.
16:59 of 2nd period - Snap shot by Pavel Brendl.
16:59 of 2nd period - Shot Misses the Net.
17:13 of 2nd period - Chad Kilger is hit by Frans Nielsen and loses puck.
17:18 of 2nd period - Snap shot by Frans Nielsen.
17:18 of 2nd period - Stopped by Jonas Hiller with a rebound.
17:39 of 2nd period - Minor Penalty to Riley Cote for Holding.
17:40 of 2nd period - Daymond Langkow wins face-off versus Chad Larose in Coyotes zone.
17:47 of 2nd period - Wrist shot by Antoine Vermette.
17:47 of 2nd period - Goal by Antoine Vermette - Coyotes : 1 - Whalers : 2.
17:48 of 2nd period - Tim Connolly wins face-off versus Daymond Langkow in neutral zone.
17:59 of 2nd period - Snap shot by Marian Gaborik.
17:59 of 2nd period - Shot Misses the Net.
18:04 of 2nd period - Minor Penalty to Marian Gaborik for Hooking.
18:05 of 2nd period - Todd Bertuzzi wins face-off versus Chad Larose in Coyotes zone.
18:54 of 2nd period - Slapshot by Christian Ehrhoff.
18:54 of 2nd period - Stopped by Jonas Hiller with a rebound.
18:56 of 2nd period - Snap shot by Frans Nielsen.
18:56 of 2nd period - Goal by Frans Nielsen - Coyotes : 2 - Whalers : 2.
18:57 of 2nd period - Pavel Datsyuk wins face-off versus Chad Larose in neutral zone.
19:00 of 2nd period - Snap shot by Todd Bertuzzi.
19:00 of 2nd period - Shot Misses the Net.
19:02 of 2nd period - Snap shot by Brad Stuart.
19:02 of 2nd period - Shot Misses the Net.
19:04 of 2nd period - Snap shot by Andy McDonald.
19:04 of 2nd period - Shot Blocked by Kurt Sauer.
19:06 of 2nd period - Backhand shot by Dan McGillis.
19:06 of 2nd period - Shot Misses the Net.
19:08 of 2nd period - Slapshot by Brad Stuart.
19:08 of 2nd period - Stopped by Peter Budaj without a rebound.
19:09 of 2nd period - Pavel Datsyuk wins face-off versus Chad Larose in Coyotes zone.
19:12 of 2nd period - Wrist shot by Pavel Datsyuk.
19:12 of 2nd period - Stopped by Peter Budaj without a rebound.
19:13 of 2nd period - Chad Larose wins face-off versus Andy McDonald in Coyotes zone.
19:46 of 2nd period - Kurt Sauer is hit by Antoine Vermette and loses puck.
3rd period
0:01 of 3rd period - Pavel Datsyuk wins face-off versus Chad Larose in neutral zone.
0:04 of 3rd period - Penalty to Marian Gaborik is over, Marian Gaborik is back on ice.
0:22 of 3rd period - Todd Bertuzzi is hit by Kurt Sauer and loses puck.
0:55 of 3rd period - Slapshot by Darryl Sydor.
0:55 of 3rd period - Stopped by Peter Budaj with a rebound.
0:57 of 3rd period - Snap shot by Pavel Datsyuk.
0:57 of 3rd period - Stopped by Peter Budaj without a rebound.
0:58 of 3rd period - Daymond Langkow wins face-off versus Frans Nielsen in Coyotes zone.
0:59 of 3rd period - Snap shot by Antoine Vermette.
0:59 of 3rd period - Shot Blocked by Sergei Samsonov.
1:01 of 3rd period - Backhand shot by Dan McGillis.
1:01 of 3rd period - Shot Misses the Net.
1:03 of 3rd period - Slapshot by Dan McGillis.
1:03 of 3rd period - Shot Misses the Net.
2:27 of 3rd period - Minor Penalty to Dominic Moore for Hooking.
2:28 of 3rd period - Tim Connolly wins face-off versus Pavel Datsyuk in Whalers zone.
2:55 of 3rd period - Filip Kuba is hit by Jamal Mayers and loses puck.
3:14 of 3rd period - Andy McDonald is hit by Brenden Morrow and loses puck.
4:02 of 3rd period - Darryl Sydor is hit by Tom Poti and loses puck.
4:27 of 3rd period - Penalty to Dominic Moore is over, Dominic Moore is back on ice.
4:57 of 3rd period - Snap shot by Riley Cote.
4:57 of 3rd period - Shot Misses the Net.
5:03 of 3rd period - Snap shot by Michael Rupp.
5:03 of 3rd period - Stopped by Peter Budaj with a rebound.
5:27 of 3rd period - Slapshot by Riley Cote.
5:27 of 3rd period - Shot Misses the Net.
5:29 of 3rd period - Wrist shot by Craig Adams.
5:29 of 3rd period - Stopped by Jonas Hiller with a rebound.
5:31 of 3rd period - Wrist shot by Maxim Lapierre.
5:31 of 3rd period - Stopped by Jonas Hiller with a rebound.
5:33 of 3rd period - Slapshot by Kurt Sauer.
5:33 of 3rd period - Stopped by Jonas Hiller with a rebound.
5:35 of 3rd period - Snap shot by Maxim Lapierre.
5:35 of 3rd period - Shot Misses the Net.
5:47 of 3rd period - Wrist shot by Sami Kapanen.
5:47 of 3rd period - Shot Blocked by Marian Gaborik.
5:49 of 3rd period - Wrist shot by Mark Eaton.
5:49 of 3rd period - Shot Misses the Net.
7:02 of 3rd period - Maxim Lapierre is hit by Nils Ekman and loses puck.
7:08 of 3rd period - Minor Penalty to Ray Whitney for Tripping.
7:09 of 3rd period - Pavel Datsyuk wins face-off versus Tim Connolly in Whalers zone.
9:08 of 3rd period - Penalty to Ray Whitney is over, Ray Whitney is back on ice.
9:08 of 3rd period - Filip Kuba is hit by Craig Adams and loses puck.
9:19 of 3rd period - Wrist shot by Chad Larose.
9:19 of 3rd period - Shot Blocked by Ray Whitney.
9:33 of 3rd period - Filip Kuba is hit by Lukas Krajicek and loses puck.
10:21 of 3rd period - Kurt Sauer is hit by Brad Stuart and loses puck.
10:27 of 3rd period - Icing by Maxim Lapierre.
10:28 of 3rd period - Maxim Lapierre wins face-off versus Dominic Moore in Coyotes zone.
10:55 of 3rd period - Off-side.
10:56 of 3rd period - Frans Nielsen wins face-off versus Pavel Datsyuk in neutral zone.
11:09 of 3rd period - Wrist shot by Pavel Datsyuk.
11:09 of 3rd period - Stopped by Peter Budaj with a rebound.
11:50 of 3rd period - Wrist shot by Sami Kapanen.
11:50 of 3rd period - Shot Blocked by Maxim Lapierre.
11:52 of 3rd period - Wrist shot by Ray Whitney.
11:52 of 3rd period - Deflect By Sami Kapanen.
11:52 of 3rd period - Shot Blocked by Tom Poti.
11:52 of 3rd period - Puck is out of play.
11:53 of 3rd period - Frans Nielsen wins face-off versus Michael Rupp in Coyotes zone.
12:02 of 3rd period - Slapshot by Sergei Samsonov.
12:02 of 3rd period - Shot Misses the Net.
12:04 of 3rd period - Slapshot by Frans Nielsen.
12:04 of 3rd period - Shot Blocked by Shaone Morrisonn.
12:06 of 3rd period - Slapshot by Jay Bouwmeester.
12:06 of 3rd period - Stopped by Jonas Hiller with a rebound.
12:42 of 3rd period - Andy McDonald is hit by Marian Gaborik and loses puck.
13:08 of 3rd period - Filip Kuba is hit by Riley Cote and loses puck.
13:21 of 3rd period - Snap shot by Frans Nielsen.
13:21 of 3rd period - Stopped by Jonas Hiller without a rebound.
13:22 of 3rd period - Pavel Datsyuk wins face-off versus Frans Nielsen in Whalers zone.
14:20 of 3rd period - Craig Adams is hit by Nils Ekman and loses puck.
14:41 of 3rd period - Snap shot by Sami Kapanen.
14:41 of 3rd period - Goal by Sami Kapanen - Coyotes : 2 - Whalers : 3.
14:42 of 3rd period - Tim Connolly wins face-off versus Pavel Datsyuk in neutral zone.
16:53 of 3rd period - Slapshot by Lukas Krajicek.
16:53 of 3rd period - Shot Blocked by Daymond Langkow.
17:11 of 3rd period - Filip Kuba is hit by Kurt Sauer and loses puck.
17:36 of 3rd period - Dominic Moore is hit by Frans Nielsen.
17:51 of 3rd period - Minor Penalty to Craig Adams for Interference.
17:52 of 3rd period - Pavel Datsyuk wins face-off versus Chad Larose in Coyotes zone.
18:29 of 3rd period - Tom Poti is hit by Todd Bertuzzi and loses puck.
19:51 of 3rd period - Penalty to Craig Adams is over, Craig Adams is back on ice.
Output by the SimonT Hockey Simulator (STHS) for François Prévost -- Original Page W3C XHTML 1.0 Valid